 Dungeon Crawl Stone Soup version 0.19.1-1-g22dce08 (webtiles) character file.

42 McKennaii the Magician (level 3, -5/21 HPs)
             Began as a High Elf Wizard on Jan 6, 2017.
             Killed from afar by a white imp (9 damage)
             ... with a puff of frost
             ... summoned by Natasha
             ... on level 2 of the Dungeon.
             The game lasted 00:03:46 (794 turns).

McKennaii the Magician (High Elf Wizard)             Turns: 794, Time: 00:03:47

Health: -5/21      AC:  2    Str:  6    XL:     3   Next: 33%
Magic:  3/10       EV: 13    Int: 23    God:
Gold:   65         SH:  0    Dex: 13    Spells: 5 memorised, 2 levels left

rFire  . . .     SeeInvis .     (no weapon)
rCold  . . .     Gourm    .     a - +0 robe
rNeg   . . .     Faith    .     (no shield)
rPois  .         Spirit   .     b - +0 hat
rElec  .         Reflect  .     (no cloak)
rCorr  .         Harm     .     (no gloves)
MR     .....                    (no boots)
Stlth  ++........               (no amulet)
                                (no ring)
                                (no ring)

@: no status effects
A: no striking features
a: no special abilities


You were on level 2 of the Dungeon.
You were not hungry.

You visited 1 branch of the dungeon, and saw 2 of its levels.

You collected 65 gold pieces.

Inventory:

Armour
 a - a +0 robe (worn)
 b - a +0 hat (worn)
Jewellery
 g - an uncursed amulet of the gourmand {unknown}
Scrolls
 e - 2 scrolls of identify {unknown}
 h - a scroll of recharging {unknown}
 i - 3 scrolls of remove curse {unknown}
 j - 4 scrolls of immolation {unknown}
Potions
 k - 2 potions of curing {unknown}
 l - a potion of flight {unknown}
Books
 c - a book of Minor Magic

   Spells                             Type                      Level
   a - Magic Dart                     Conjuration                  1
   b - Blink                          Translocation                2
   c - Call Imp                       Summoning                    2
   d - Repel Missiles                 Charms/Air                   2
   e - Slow                           Hexes                        2
   f - Conjure Flame                  Conjuration/Fire             3
   g - Mephitic Cloud                 Conjuration/Poison/Air       3
Comestibles
 d - 2 bread rations
 f - a royal jelly


   Skills:
 + Level 2.4 Dodging
 + Level 2.6 Stealth
 + Level 4.5 Spellcasting
 + Level 1.7 Conjurations
 + Level 0.8 Summonings
 + Level 1.1 Translocations


You had 2 spell levels left.
You knew the following spells:

 Your Spells              Type           Power        Failure   Level  Hunger
a - Magic Dart            Conj           ##..         6%          1    None
b - Call Imp              Summ           #.......     14%         2    None
c - Blink                 Tloc           N/A          12%         2    None
d - Slow                  Hex            #.......     17%         2    None
e - Repel Missiles        Chrm/Air       #.....       17%         2    None


Dungeon Overview and Level Annotations

Branches:
Dungeon (2/15)

Altars:

Annotations:
D:2 Natasha


Message History

You see here a robe.
Found 2 silvery potions.
Natasha, Servant of Life and Death comes into view.
Natasha hisses angrily.
Natasha mumbles some strange words.
Found a stone staircase leading up.
The white imp gestures at you. The puff of frost misses you.
Casting: Magic Dart
Confirm with . or Enter, or press ? or * to list all spells.
A beastly little devil appears in a puff of frigid air.
The white imp gestures at you. The puff of frost hits you!
* * * LOW HITPOINT WARNING * * *
Natasha barely misses you.
Your white imp hits Natasha but does no damage.
The white imp gestures at you.
The puff of frost misses your white imp.
The puff of frost hits you!
You die...

...†..†..# #.# #.##
....####.# #.# #...# ....#
#..# ..# #...# #####
#.#...#.# #...#
########.#####.# #...#
....#.......##.#####5..#####
....#.##.#...#..............
.........#[#.....5..........
....##.#........@h..........
....##.#############!..####.
######.# #...# #.# #.#.#
######.# #...# .....).#
#<..# .####### ##.## .# .#
##


You could see Natasha, a white imp and a friendly white imp.

Vanquished Creatures
  An ooze (D:1)
  A leopard gecko (D:1)
  A ball python (D:1)
  5 bats
  A giant cockroach (D:1)
  2 goblins
  5 hobgoblins
  A jackal (D:2)
  2 frilled lizards (D:1)
  5 kobolds
  5 rats
29 creatures vanquished.

Vanquished Creatures (collateral kills)
  2 goblins
  2 hobgoblins (D:2)
  3 jackals (D:2)
  A bat (D:2)
  A rat (D:1)
9 creatures vanquished.

Grand Total: 38 creatures vanquished

Notes
Turn   | Place    | Note
-------+----------+-------------------------------------------
     0 | D:1      | McKennaii the High Elf Wizard began the quest for the Orb.
     0 | D:1      | Reached XP level 1. HP: 11/11 MP: 6/6
   105 | D:1      | Reached skill level 4 in Spellcasting
   105 | D:1      | Reached XP level 2. HP: 6/17 MP: 1/8
   134 | D:1      | Learned a level 2 spell: Call Imp
   137 | D:1      | Learned a level 2 spell: Blink
   140 | D:1      | Learned a level 2 spell: Slow
   143 | D:1      | Learned a level 2 spell: Repel Missiles
   524 | D:1      | Reached XP level 3. HP: 21/21 MP: 6/9
   787 | D:2      | Noticed Natasha
   794 | D:2      | Killed from afar by a white imp

Skill      XL: |  1 |
---------------+----+-----
Spellcasting   | 4 |  4.5
Dodging        | |  2.4
Stealth        | |  2.6
Conjurations   | |  1.7
Summonings     | |  0.8
Translocations | |  1.1

Action                   || total
-------------------------++-------
Melee: Unarmed           ||    40
 Cast: Magic Dart        ||    60
       Call Imp          ||     7
Armor: Robe              ||    19
Dodge: Dodged            ||    71
